| TOP OF THE 1ST |
|
Philadelphia Phillies batting - Pitching for Miami Marlins : RHP Oscar Banda
|
|
Pitching: RHP Oscar Banda
|
|
|
Batting: SHB Lance Franklin
|
0-0: Ball 1-0: Ball 2-0: Called Strike 2-1: Ball 3-1: Foul Ball, location: 2F 3-2: Strikes out swinging
|
|
Batting: RHB Chef Belew
|
0-0: Ball 1-0: Ball 2-0: Foul Ball, location: 2F 2-1: SINGLE (Groundball, 3D, EV 106.2 MPH)
|
|
Batting: LHB Osamu Kubo
|
0-0: Ball 1-0: Ball 2-0: DOUBLE (Line Drive, 7LS, EV 109.4 MPH) Chef Belew to third Runner from 3rd tries for Home, SAFE, no throw by LF
|
|
Batting: SHB Phuck II
|
0-0: Ball 1-0: Swinging Strike 1-1: Foul Ball, location: 2F 1-2: Strikes out swinging
|
|
Batting: LHB Mike Davis
|
0-0: Swinging Strike 0-1: Ball 1-1: Ball 2-1: Ground out 6-3 (Groundball, 6, EV 97.5 MPH)
|
| Top of the 1st over - 1 run, 2 hits, 0 errors, 1 left on base; Philadelphia 1 - Miami 0 |
| BOTTOM OF THE 1ST |
|
Miami Marlins batting - Pitching for Philadelphia Phillies : RHP Scott Bernstein
|
|
Pitching: RHP Scott Bernstein
|
|
|
Batting: RHB Roger Salazar
|
0-0: Called Strike 0-1: Ball 1-1: Fly out, F8 (Flyball, 8RM, EV 95.6 MPH)
|
|
Batting: RHB Bert Clark
|
0-0: Ground out 4-3 (Groundball, 4, EV 85.6 MPH)
|
|
Batting: RHB Jimmy Groseclose
|
0-0: Ball 1-0: SINGLE (Groundball, 34D, EV 101.9 MPH)
|
|
Batting: LHB Jose Bregaro
|
0-0: Ball 1-0: Swinging Strike 1-1: Ground out U3 (Groundball, 3L, EV 85.6 MPH)
|
| Bottom of the 1st over - 0 runs, 1 hit, 0 errors, 1 left on base; Philadelphia 1 - Miami 0 |
| TOP OF THE 2ND |
|
Philadelphia Phillies batting - Pitching for Miami Marlins : RHP Oscar Banda
|
|
Batting: RHB Josh Hensley
|
0-0: Called Strike 0-1: SINGLE (Groundball, 4D, EV 96.2 MPH)
|
|
Batting: LHB Cody Schumacher
|
0-0: Ball 1-0: Fly out, F8 (Flyball, 8LD, EV 110.6 MPH)
|
|
Batting: LHB Nick Canizales
|
0-0: Ball 1-0: Foul Ball, location: 2F 1-1: Foul Ball, location: 2F 1-2: Strikes out swinging
|
|
Batting: LHB Danny Hill
|
0-0: Called Strike 0-1: Ball 1-1: Ball 2-1: SINGLE (Groundball, 6S, EV 68.1 MPH) (infield hit) Josh Hensley to second
|
|
Batting: SHB Lance Franklin
|
0-0: Ball 1-0: Foul Ball, location: 2F 1-1: Foul Ball, location: 2F 1-2: Foul Ball, location: 2F 1-2: Foul Ball, location: 2F 1-2: Ball 2-2: Ball 3-2: Base on Balls Josh Hensley to third Danny Hill to second
|
|
Batting: RHB Chef Belew
|
0-0: Called Strike 0-1: Ball 1-1: Foul Ball, location: 2F 1-2: Strikes out swinging
|
| Top of the 2nd over - 0 runs, 2 hits, 0 errors, 3 left on base; Philadelphia 1 - Miami 0 |
| BOTTOM OF THE 2ND |
|
Miami Marlins batting - Pitching for Philadelphia Phillies : RHP Scott Bernstein
|
|
Batting: RHB Tony Stedman
|
0-0: Called Strike 0-1: Called Strike 0-2: Foul Ball, location: 2F 0-2: Fly out, F9 (Flyball, 89S, EV 89.4 MPH)
|
|
Batting: RHB Mike Gar
|
0-0: Ball 1-0: Called Strike 1-1: Ball 2-1: Fly out, F2 (Popup, 2LF, EV 89.4 MPH)
|
|
Batting: RHB Zhi-bin Ou-yang
|
0-0: Called Strike 0-1: Called Strike 0-2: Ball 1-2: Foul Ball, location: 2F 1-2: Fly out, F8 (Line Drive, 89M, EV 85.0 MPH)
|
| Bottom of the 2nd over - 0 runs, 0 hits, 0 errors, 0 left on base; Philadelphia 1 - Miami 0 |
| TOP OF THE 3RD |
|
Philadelphia Phillies batting - Pitching for Miami Marlins : RHP Oscar Banda
|
|
Batting: LHB Osamu Kubo
|
0-0: Ball 1-0: Ball 2-0: Foul Ball, location: 2F 2-1: Ball 3-1: DOUBLE (Flyball, 89D, EV 88.8 MPH)
|
|
Batting: SHB Phuck II
|
0-0: Ball 1-0: Called Strike 1-1: Ball 2-1: Swinging Strike 2-2: Ball 3-2: SINGLE (Groundball, 4MS, EV 61.9 MPH) (infield hit) Osamu Kubo to third
|
|
Batting: LHB Mike Davis
|
0-0: Ball 1-0: Called Strike 1-1: Foul Ball, location: 2F 1-2: Ball 2-2: Ball 3-2: Foul Ball, location: 2F 3-2: Strikes out swinging
|
|
Batting: RHB Josh Hensley
|
0-0: Called Strike Phuck II steals 2nd base 0-1: Swinging Strike 0-2: Ball 1-2: Fly out, F7 (Flyball, 78S, EV 94.4 MPH) Runner from 3rd tags up, SCORES, throw by LF
|
|
Batting: LHB Cody Schumacher
|
0-0: Called Strike 0-1: Swinging Strike 0-2: Strikes out swinging
|
| Top of the 3rd over - 1 run, 2 hits, 0 errors, 1 left on base; Philadelphia 2 - Miami 0 |
| BOTTOM OF THE 3RD |
|
Miami Marlins batting - Pitching for Philadelphia Phillies : RHP Scott Bernstein
|
|
Batting: SHB Ramon Martinez
|
0-0: Foul Ball, location: 2F 0-1: Ball 1-1: Swinging Strike 1-2: Fly out, F9 (Line Drive, 89M, EV 85.0 MPH)
|
|
Batting: RHB Willie Chavez
|
0-0: Foul Ball, location: 2F 0-1: Ball 1-1: Called Strike 1-2: Ball 2-2: Ground out 6-3 (Groundball, 6, EV 100.6 MPH)
|
|
Batting: RHB Roger Salazar
|
0-0: Ball 1-0: Ball 2-0: Called Strike 2-1: TRIPLE (Line Drive, 78XD, EV 99.4 MPH)
|
|
Batting: RHB Bert Clark
|
0-0: Ball 1-0: SINGLE (Line Drive, 6MD, EV 98.8 MPH) Roger Salazar scores
|
|
Batting: RHB Jimmy Groseclose
|
0-0: Foul Ball, location: 2F 0-1: Ball 1-1: Swinging Strike 1-2: Strikes out swinging
|
| Bottom of the 3rd over - 1 run, 2 hits, 0 errors, 1 left on base; Philadelphia 2 - Miami 1 |
| TOP OF THE 4TH |
|
Philadelphia Phillies batting - Pitching for Miami Marlins : RHP Oscar Banda
|
|
Batting: LHB Nick Canizales
|
0-0: Ball 1-0: Swinging Strike 1-1: Ball 2-1: Ground out 4-3 (Groundball, 4, EV 91.2 MPH)
|
|
Batting: LHB Danny Hill
|
0-0: Ball 1-0: SOLO HOME RUN (Flyball, 9D, EV 95.6 MPH), Distance : 366 ft
|
|
Batting: SHB Lance Franklin
|
0-0: Called Strike 0-1: Ball 1-1: Foul Ball, location: 2F 1-2: Ball 2-2: Strikes out swinging
|
|
Batting: RHB Chef Belew
|
0-0: Called Strike 0-1: Swinging Strike 0-2: Ball 1-2: Strikes out swinging
|
| Top of the 4th over - 1 run, 1 hit, 0 errors, 0 left on base; Philadelphia 3 - Miami 1 |
| BOTTOM OF THE 4TH |
|
Miami Marlins batting - Pitching for Philadelphia Phillies : RHP Scott Bernstein
|
|
Batting: LHB Jose Bregaro
|
0-0: Ball 1-0: SINGLE (Groundball, 4S, EV 96.9 MPH)
|
|
Batting: RHB Tony Stedman
|
0-0: Called Strike Jose Bregaro steals 2nd base 0-1: Ball 1-1: Ball 2-1: Called Strike 2-2: Fly out, F7 (Line Drive, 78M, EV 91.9 MPH)
|
|
Batting: RHB Mike Gar
|
0-0: Called Strike 0-1: Ball 1-1: Foul Ball, location: 2F 1-2: Ball 2-2: Ball 3-2: Strikes out looking
|
|
Batting: RHB Zhi-bin Ou-yang
|
0-0: Ball 1-0: SINGLE (Groundball, 34D, EV 94.4 MPH) Jose Bregaro to third Runner from 3rd tries for Home, SAFE, throw by RF to home Zhi-bin Ou-yang to second
|
|
Batting: SHB Ramon Martinez
|
0-0: SINGLE (Groundball, 34D, EV 98.8 MPH) Zhi-bin Ou-yang to third Runner from 3rd tries for Home, throw by RF and OUT! 9-2
|
| Bottom of the 4th over - 1 run, 3 hits, 0 errors, 1 left on base; Philadelphia 3 - Miami 2 |
| TOP OF THE 5TH |
|
Philadelphia Phillies batting - Pitching for Miami Marlins : RHP Oscar Banda
|
|
Batting: LHB Osamu Kubo
|
0-0: Foul Ball, location: 2F 0-1: Called Strike 0-2: Ball 1-2: Foul Ball, location: 2F 1-2: Foul Ball, location: 2F 1-2: Foul Ball, location: 2F 1-2: Ball 2-2: Foul Ball, location: 2F 2-2: Foul Ball, location: 2F 2-2: Ball 3-2: Ground out 1-3 (Groundball, 13S, EV 68.1 MPH)
|
|
Batting: SHB Phuck II
|
0-0: Called Strike 0-1: Called Strike 0-2: Ball 1-2: Strikes out swinging
|
|
Batting: LHB Mike Davis
|
0-0: Called Strike 0-1: Foul Ball, location: 2F 0-2: Ground out 6-3 (Groundball, 6, EV 101.9 MPH)
|
| Top of the 5th over - 0 runs, 0 hits, 0 errors, 0 left on base; Philadelphia 3 - Miami 2 |
| BOTTOM OF THE 5TH |
|
Miami Marlins batting - Pitching for Philadelphia Phillies : RHP Scott Bernstein
|
|
Batting: RHB Willie Chavez
|
0-0: Called Strike 0-1: DOUBLE (Line Drive, 78D, EV 110.0 MPH)
|
|
Batting: RHB Roger Salazar
|
0-0: Foul Ball, location: 2F 0-1: Called Strike 0-2: SINGLE (Groundball, 5S, EV 66.2 MPH) (infield hit) Willie Chavez to third
|
|
Batting: RHB Bert Clark
|
0-0: Ball 1-0: Called Strike 1-1: Ball 2-1: Ball 3-1: SINGLE (Flyball, 89S, EV 86.2 MPH) Willie Chavez scores Roger Salazar to second Runner from 2nd tries for 3rd, SAFE, throw by RF made to third
|
|
Batting: RHB Jimmy Groseclose
|
0-0: Swinging Strike 0-1: Ball 1-1: Ball 2-1: Foul Ball, location: 2F 2-2: Fly out, F8 (Flyball, 8LM, EV 88.8 MPH)
|
|
Batting: LHB Jose Bregaro
|
0-0: Swinging Strike 0-1: Ball 1-1: Swinging Strike 1-2: Ball 2-2: SINGLE (Line Drive, 4D, EV 95.0 MPH) Roger Salazar scores Bert Clark to second Runner from 2nd tries for 3rd, OUT! 9-5
|
|
Batting: RHB Tony Stedman
|
0-0: Ball 1-0: Called Strike 1-1: Ball 2-1: Called Strike 2-2: Ball 3-2: Foul Ball, location: 2F 3-2: SINGLE (Groundball, 4S, EV 64.4 MPH) (infield hit) Jose Bregaro to second
|
|
Batting: RHB Mike Gar
|
0-0: Called Strike 0-1: TRIPLE (Line Drive, 7LD, EV 113.8 MPH) Jose Bregaro scores Tony Stedman scores
|
|
Pitching: RHP David LaBounty
|
|
|
Batting: RHB Zhi-bin Ou-yang
|
0-0: Ground out 4-3 (Groundball, 4, EV 109.4 MPH)
|
| Bottom of the 5th over - 4 runs, 6 hits, 0 errors, 1 left on base; Philadelphia 3 - Miami 6 |
| TOP OF THE 6TH |
|
Philadelphia Phillies batting - Pitching for Miami Marlins : RHP Oscar Banda
|
|
Pitching: RHP Nick Newmaster
|
|
|
Batting: RHB Josh Hensley
|
0-0: Swinging Strike 0-1: Ball 1-1: Ball 2-1: Fly out, F7 (Flyball, 7, EV 90.0 MPH)
|
|
Batting: LHB Cody Schumacher
|
0-0: Called Strike 0-1: Foul Ball, location: 2F 0-2: Ball 1-2: Ball 2-2: Ball 3-2: Strikes out swinging
|
|
Batting: LHB Nick Canizales
|
0-0: Ball 1-0: Ball 2-0: Swinging Strike 2-1: Swinging Strike 2-2: Strikes out swinging
|
| Top of the 6th over - 0 runs, 0 hits, 0 errors, 0 left on base; Philadelphia 3 - Miami 6 |
| BOTTOM OF THE 6TH |
|
Miami Marlins batting - Pitching for Philadelphia Phillies : RHP David LaBounty
|
|
Batting: SHB Ramon Martinez
|
0-0: Fly out, F8 (Flyball, 8LXD, EV 86.2 MPH)
|
|
Batting: RHB Willie Chavez
|
0-0: Foul Ball, location: 2F 0-1: Called Strike 0-2: Ball 1-2: Ball 2-2: Ball 3-2: Foul Ball, location: 2F 3-2: Strikes out swinging
|
|
Batting: RHB Roger Salazar
|
0-0: Foul Ball, location: 2F 0-1: Called Strike 0-2: Foul Ball, location: 2F 0-2: Foul Ball, location: 2F 0-2: Foul Ball, location: 2F 0-2: Ball 1-2: Ball 2-2: Foul Ball, location: 2F 2-2: Ball 3-2: DOUBLE (Line Drive, 9LS, EV 95.0 MPH)
|
|
Batting: RHB Bert Clark
|
0-0: Called Strike 0-1: 2-RUN HOME RUN (Flyball, 9D, EV 98.1 MPH), Distance : 378 ft
|
|
Batting: RHB Jimmy Groseclose
|
0-0: Ball 1-0: Foul Ball, location: 2F 1-1: Ball 2-1: Swinging Strike 2-2: Ball 3-2: Fly out, F8 (Flyball, 89M, EV 96.2 MPH)
|
| Bottom of the 6th over - 2 runs, 2 hits, 0 errors, 0 left on base; Philadelphia 3 - Miami 8 |
| TOP OF THE 7TH |
|
Philadelphia Phillies batting - Pitching for Miami Marlins : RHP Nick Newmaster
|
|
Batting: LHB Danny Hill
|
0-0: Ball 1-0: Ball 2-0: Called Strike 2-1: Called Strike 2-2: Fly out, F9 (Flyball, 89M, EV 90.6 MPH)
|
|
Batting: SHB Lance Franklin
|
0-0: Called Strike 0-1: Ball 1-1: Ball 2-1: Foul Ball, location: 2F 2-2: Foul Ball, location: 2F 2-2: Ground out 5-3 (Groundball, 56S, EV 69.4 MPH)
|
|
Batting: RHB Chef Belew
|
0-0: Foul Ball, location: 2F 0-1: Swinging Strike 0-2: Foul Ball, location: 2F 0-2: Ball 1-2: Strikes out swinging
|
| Top of the 7th over - 0 runs, 0 hits, 0 errors, 0 left on base; Philadelphia 3 - Miami 8 |
| BOTTOM OF THE 7TH |
|
Miami Marlins batting - Pitching for Philadelphia Phillies : RHP David LaBounty
|
|
Batting: LHB Jose Bregaro
|
0-0: Called Strike 0-1: Called Strike 0-2: Foul Ball, location: 2F 0-2: Ball 1-2: Ground out U3 (Groundball, 3L, EV 85.6 MPH)
|
|
Batting: RHB Tony Stedman
|
0-0: SINGLE (Line Drive, 34, EV 96.2 MPH)
|
|
Batting: RHB Mike Gar
|
0-0: Ball 1-0: Foul Ball, location: 2F 1-1: SINGLE (Flyball, 8LS, EV 91.9 MPH) Tony Stedman to second
|
|
Batting: RHB Zhi-bin Ou-yang
|
0-0: Foul Ball, location: 2F 0-1: SINGLE (Groundball, 3S, EV 73.1 MPH) (infield hit) Tony Stedman to third Mike Gar to second
|
|
Batting: SHB Ramon Martinez
|
0-0: Ball 1-0: Called Strike 1-1: Ball 2-1: SINGLE (Groundball, 4MD, EV 90.6 MPH) (infield hit) Tony Stedman scores Mike Gar to third Zhi-bin Ou-yang to second
|
|
Pitching: RHP Josh Allport
|
|
|
Batting: RHB Willie Chavez
|
0-0: Called Strike 0-1: Ball 1-1: Called Strike 1-2: SINGLE (Groundball, 56D, EV 98.8 MPH) Mike Gar scores Zhi-bin Ou-yang to third Ramon Martinez to second Runner from 3rd tries for Home, SAFE, throw by LF to home
|
|
Batting: RHB Roger Salazar
|
0-0: Called Strike 0-1: SINGLE (Line Drive, 7S, EV 105.6 MPH) Ramon Martinez to third Willie Chavez to second
|
|
Batting: RHB Bert Clark
|
0-0: Called Strike 0-1: Ball 1-1: Ball 2-1: Ball 3-1: Foul Ball, location: 2F 3-2: Foul Ball, location: 2F 3-2: Foul Ball, location: 2F 3-2: Grounds into double play, 4-6-3 (Groundball, 4, EV 87.5 MPH)
|
| Bottom of the 7th over - 3 runs, 6 hits, 0 errors, 2 left on base; Philadelphia 3 - Miami 11 |
| TOP OF THE 8TH |
|
Philadelphia Phillies batting - Pitching for Miami Marlins : RHP Nick Newmaster
|
|
Batting: LHB Osamu Kubo
|
0-0: Ball 1-0: Swinging Strike 1-1: Ground out 6-3 (Groundball, 6, EV 87.5 MPH)
|
|
Pinch Hitting: RHB Quintin Parker
|
0-0: Called Strike 0-1: Called Strike 0-2: Ball 1-2: Foul Ball, location: 2F 1-2: Ball 2-2: Strikes out looking
|
|
Batting: LHB Mike Davis
|
0-0: Foul Ball, location: 2F 0-1: Ball 1-1: Foul Ball, location: 2F 1-2: Ball 2-2: Ball 3-2: Strikes out swinging
|
| Top of the 8th over - 0 runs, 0 hits, 0 errors, 0 left on base; Philadelphia 3 - Miami 11 |
| BOTTOM OF THE 8TH |
|
Miami Marlins batting - Pitching for Philadelphia Phillies : RHP Josh Allport
|
|
Now at 1B: Quintin Parker
|
|
|
Batting: RHB Jimmy Groseclose
|
0-0: Hit by Pitch
|
|
Batting: LHB Jose Bregaro
|
0-0: Called Strike 0-1: Ball 1-1: TRIPLE (Flyball, 8LD, EV 103.1 MPH) Jimmy Groseclose scores
|
|
Batting: RHB Tony Stedman
|
0-0: Ball 1-0: Ball 2-0: Called Strike 2-1: Swinging Strike 2-2: Foul Ball, location: 2F 2-2: Ball 3-2: Strikes out swinging
|
|
Pitching: RHP Alard Kraaijeveld
|
|
|
Batting: RHB Mike Gar
|
0-0: Ball 1-0: Ball 2-0: Foul Ball, location: 2F 2-1: Ball 3-1: Foul Ball, location: 2F 3-2: Foul Ball, location: 2F 3-2: Strikes out swinging
|
|
Batting: RHB Zhi-bin Ou-yang
|
0-0: Ball 1-0: Foul Ball, location: 2F 1-1: Ball 2-1: Foul Ball, location: 2F 2-2: 2-RUN HOME RUN (Flyball, 7LD, EV 96.9 MPH), Distance : 368 ft
|
|
Batting: SHB Ramon Martinez
|
0-0: Called Strike 0-1: Ground out 4-3 (Groundball, 34, EV 102.5 MPH)
|
| Bottom of the 8th over - 3 runs, 2 hits, 0 errors, 0 left on base; Philadelphia 3 - Miami 14 |
| TOP OF THE 9TH |
|
Philadelphia Phillies batting - Pitching for Miami Marlins : RHP Nick Newmaster
|
|
Pinch Hitting: LHB Jim Beaver
|
0-0: Foul Ball, location: 2F 0-1: Foul Ball, location: 2F 0-2: SINGLE (Groundball, 34D, EV 94.4 MPH)
|
|
Batting: LHB Cody Schumacher
|
0-0: Ball 1-0: Ball 2-0: Foul Ball, location: 2F 2-1: Called Strike 2-2: Foul Ball, location: 2F 2-2: Ball 3-2: Strikes out swinging
|
|
Batting: LHB Nick Canizales
|
0-0: Ball Wild Pitch! Jim Beaver to second 1-0: Ground out U3 (Groundball, 34, EV 88.8 MPH) Jim Beaver to third
|
|
Batting: LHB Danny Hill
|
0-0: Ball 1-0: Swinging Strike 1-1: Ball 2-1: SINGLE (Groundball, 25, EV 64.4 MPH) (infield hit) Jim Beaver scores
|
|
Batting: SHB Lance Franklin
|
0-0: Ball 1-0: Ball 2-0: Foul Ball, location: 2F 2-1: Swinging Strike 2-2: Strikes out looking
|
| Top of the 9th over - 1 run, 2 hits, 0 errors, 1 left on base; Philadelphia 4 - Miami 14 |
|